Canucks vs Nordiques
(R1)
Created - 11 février 2014 at 20:51
Goals
|
| Canucks |
0 |
2 |
0 |
2 |
| Nordiques |
1 |
1 |
1 |
3 |
|
Shots
|
| Canucks |
6 |
18 |
12 |
36 |
| Nordiques |
3 |
13 |
10 |
26 |
|
1st period
1. Nordiques , Éric Belanger 7 (Ryan Bayda, Bryan McCabe) at 9:03
Penalties :
Brent Sopel (Van) for Interference (Minor) at 4:43, Ales Kotalik (Que) for Roughing (Double Minor) at 12:52
2nd period
2. Canucks , Peter Worrell 19 (Matt Stajan, Jaromir Jagr) at 1:20
3. Nordiques , Mattias Weinhandl 10 (Jordan Leopold, Bryan McCabe) at 3:41
4. Canucks , Derian Hatcher 3 (Jaromir Jagr) at 19:23
Penalties :
Jaromir Jagr (Van) for Interference (Minor) at 16:06
3rd period
5. Nordiques , Maxim Afinogenov 25 (Tyler Arnason) at 10:01 (PP)
Penalties :
Peter Worrell (Van) for Holding (Minor) at 1:08, Erik Christensen (Van) for Tripping (Minor) at 7:44, Ryan Malone (Que) for Roughing (Minor) at 7:49, Scott Niedermayer (Van) for Tripping (Minor) at 9:24, Brent Sopel (Van) for Hooking (Minor) at 13:24, Matt Stajan (Van) for Tripping (Minor) at 16:31
Goalie Stats
Carey Price (Van), 23 saves from 26 shots - (0,885), L, 18-22-4, 59:00 minutes
Mike Smith (Que), 34 saves from 36 shots - (0,944), W, 12-10-1, 60:00 minutes
Players Stats for Canucks
Player Name G A P +/- PIM S H SB GA TA FO MP PP MP PK MP
------------------------------------------------------------------------------------
Brent Sopel 0 0 0 -1 4 1 2 1 0 1 0/0 19:24 1:20 3:07
Clarke MacArthur 0 0 0 0 0 2 1 0 0 0 2/2 16:21 1:20 3:39
Daniel Paille 0 0 0 -1 0 0 0 0 0 0 0/1 8:23 0:24 0:57
David Jones 0 0 0 0 0 3 1 1 0 0 1/1 15:09 0:34 3:06
Derian Hatcher 1 0 1 -1 0 2 0 2 1 1 0/0 21:13 1:20 4:54
Erik Christensen 0 0 0 -1 2 2 1 0 0 0 1/1 8:56 0:00 1:50
Fabian Brunnstrom 0 0 0 0 0 0 2 0 1 1 0/0 12:29 0:40 0:00
Jaromir Jagr 0 2 2 1 2 4 2 1 0 0 4/11 22:12 1:51 5:03
Jeremy Williams 0 0 0 -1 0 0 1 0 1 0 0/0 7:01 0:00 0:00
Jiri Hudler 0 0 0 0 0 2 1 0 0 0 2/5 12:44 0:50 0:44
Joe Callahan 0 0 0 0 0 0 1 0 0 0 0/0 12:05 0:58 0:00
Mark Streit 0 0 0 1 0 3 1 1 1 2 0/0 26:42 1:41 5:38
Matt Stajan 0 1 1 1 2 5 2 0 0 0 12/29 17:38 1:49 1:18
Peter Worrell 1 0 1 1 2 3 2 1 0 0 1/2 21:10 1:49 4:08
Ryan Getzlaf 0 0 0 0 0 5 2 1 0 0 6/8 12:36 1:20 0:00
Scott Niedermayer 0 0 0 1 2 1 2 0 0 0 0/0 26:16 1:41 5:18
Taylor Chorney 0 0 0 0 0 2 0 0 0 0 0/0 14:27 0:58 2:07
Zigmund Palffy 0 0 0 0 0 1 1 0 0 0 3/4 12:36 1:20 0:00
Players Stats for Nordiques
Player Name G A P +/- PIM S H SB GA TA FO MP PP MP PK MP
------------------------------------------------------------------------------------
Ales Kotalik 0 0 0 1 4 1 0 0 0 1 1/1 8:39 0:36 0:00
Alexei Ponikarovsky 0 0 0 1 0 1 3 0 0 0 0/0 10:55 0:28 1:09
Bryan McCabe 0 2 2 2 0 1 1 1 0 1 0/0 19:38 4:43 0:45
Chris Phillips 0 0 0 -2 0 1 1 3 1 0 0/0 27:26 5:26 1:46
Éric Belanger 1 0 1 1 0 1 1 0 0 0 3/6 9:36 0:29 1:18
Jordan Eberle 0 0 0 -2 0 1 0 0 0 0 0/0 16:56 5:06 0:58
Jordan Leopold 0 1 1 2 0 3 0 0 0 1 0/0 17:00 0:04 1:56
Lubomir Visnovsky 0 0 0 0 0 1 0 2 1 0 0/0 17:51 4:43 1:48
Matt Smaby 0 0 0 0 0 0 2 0 0 0 0/0 10:17 0:00 0:00
Mattias Weinhandl 1 0 1 1 0 2 0 1 0 0 0/0 8:59 0:00 0:00
Maxim Afinogenov 1 0 1 0 0 4 0 3 1 0 2/4 22:38 4:31 1:31
Rickard Wallin 0 0 0 1 0 1 1 0 0 0 0/0 9:37 0:00 0:16
Ryan Bayda 0 1 1 1 0 1 0 1 0 0 0/0 8:05 0:00 0:16
Ryan Malone 0 0 0 -2 2 1 3 0 1 1 0/0 17:15 5:26 0:00
Ryan Whitney 0 0 0 -2 0 1 0 1 0 0 0/0 27:48 5:30 1:43
Simon Gagné 0 0 0 0 0 1 4 2 0 0 0/1 21:34 4:18 0:58
Tyler Arnason 0 1 1 -2 0 1 2 0 0 0 9/16 16:27 5:24 0:00
Vincent Lecavalier 0 0 0 0 0 4 2 1 1 0 17/36 23:19 4:20 1:32
3 Stars
1 - Bryan McCabe (Que)
2 - Éric Belanger (Que)
3 - Mike Smith (Que)
Power Play
Canucks - 0 on 3 Attempt(s) - 0,00%
Nordiques - 1 on 7 Attempt(s) - 14,29%
Penalty Kill
Canucks - 6 on 7 Attempt(s) - 85,71%
- Score 0 goal in Penalty Kill
Nordiques - 3 on 3 Attempt(s) - 100,00%
- Score 0 goal in Penalty Kill
Official
Referees : Lee Chris and Marouelli Dan
Linesman : Thor Nelson and Mike Cvik
Game Notes
No Game Note
Finance
Level 1 -- Attendance: 6000 (100,00%) -- Ticket Income 450 000 $
Level 2 -- Attendance: 5000 (100,00%) -- Ticket Income 200 000 $
Level 3 -- Attendance: 1908 (95,40%) -- Ticket Income 57 240 $
Level 4 -- Attendance: 3744 (93,60%) -- Ticket Income 56 160 $
Luxury Box -- Attendance: 915 (91,50%) -- Ticket Income 128 100 $
Game was played at the Colisé Pepsi
Total Attendance: 17567 (97,59%)
Total Ticket Income: 891 500 $
Other Income: 133 725 $
Total Income: 1 025 225 $
Canucks
5 vs 5 Forward
Center Left Wing Right Wing Time % Phy DF OF
1 Matt Stajan Peter Worrell Jaromir Jagr 40 1 2 2
2 Ryan Getzlaf Clarke MacArthur Zigmund Palffy 30 1 2 2
3 Jiri Hudler Fabian Brunnstrom David Jones 20 1 2 2
4 Erik Christensen Daniel Paille Jeremy Williams 10 1 2 2
5 vs 5 Defense
Defense Defense Time % Phy DF OF
1 Mark Streit Scott Niedermayer 40 1 2 2
2 Brent Sopel Derian Hatcher 30 1 2 2
3 Joe Callahan Taylor Chorney 20 1 2 2
4 Mark Streit Scott Niedermayer 10 1 2 2
PowerPlay Forward
Center Left Wing Right Wing Time % Phy DF OF
1 Matt Stajan Peter Worrell Jaromir Jagr 60 1 2 2
2 Ryan Getzlaf Clarke MacArthur Zigmund Palffy 40 1 2 2
PowerPlay Defense
Defense Defense Time % Phy DF OF
1 Mark Streit Scott Niedermayer 60 1 2 2
2 Brent Sopel Derian Hatcher 40 1 2 2
Penalty Kill 4 Players Forward
Center Wing Time % Phy DF OF
1 Jaromir Jagr Peter Worrell 60 1 2 2
2 Matt Stajan Clarke MacArthur 40 1 2 2
Penalty Kill 4 Players Defense
Defense Defense Time % Phy DF OF
1 Mark Streit Scott Niedermayer 60 1 2 2
2 Brent Sopel Derian Hatcher 40 1 2 2
Penalty Kill - 3 Players Forward
Forward Time % Phy DF OF
1 Jaromir Jagr 60 1 2 2
2 Peter Worrell 40 1 2 2
Penalty Kill - 3 Players Defense
Defense Defense Time % Phy DF OF
1 Mark Streit Scott Niedermayer 60 1 2 2
2 Brent Sopel Derian Hatcher 40 1 2 2
4 vs 4 Forward
Center Wing Time % Phy DF OF
1 Jaromir Jagr Peter Worrell 60 1 2 2
2 Matt Stajan Clarke MacArthur 40 1 2 2
4 vs 4 Defense
Defense Defense Time % Phy DF OF
1 Mark Streit Scott Niedermayer 60 1 2 2
2 Brent Sopel Derian Hatcher 40 1 2 2
Last Minutes Offensive
Center Left Wing Right Wing Defense Defense
Matt Stajan Peter Worrell Jaromir Jagr Mark Streit Scott Niedermayer
Last Minutes Defensive
Center Left Wing Right Wing Defense Defense
Matt Stajan Peter Worrell Jaromir Jagr Mark Streit Scott Niedermayer
Goaltenders
Starting : Carey Price
Backup : José Theodore
Extra Forwards
Normal : Fabian Brunnstrom, Jiri Hudler, David Jones - PP : Fabian Brunnstrom, Jiri Hudler - PK : David Jones
Extra Defensemen
Normal : Joe Callahan, Taylor Chorney, Brent Sopel - PP : Joe Callahan - PK : Taylor Chorney, Brent Sopel
Penalty Shots
Jaromir Jagr, Peter Worrell, Matt Stajan, Clarke MacArthur, Fabian Brunnstrom
Nordiques
5 vs 5 Forward
Center Left Wing Right Wing Time % Phy DF OF
1 Vincent Lecavalier Simon Gagné Maxim Afinogenov 40 0 2 3
2 Tyler Arnason Ryan Malone Jordan Eberle 30 0 2 3
3 Éric Belanger Ryan Bayda Ales Kotalik 20 0 3 2
4 Rickard Wallin Alexei Ponikarovsky Mattias Weinhandl 10 1 2 2
5 vs 5 Defense
Defense Defense Time % Phy DF OF
1 Chris Phillips Ryan Whitney 40 0 2 3
2 Bryan McCabe Jordan Leopold 30 1 2 2
3 Lubomir Visnovsky Matt Smaby 20 1 2 2
4 Chris Phillips Ryan Whitney 10 1 2 2
PowerPlay Forward
Center Left Wing Right Wing Time % Phy DF OF
1 Vincent Lecavalier Simon Gagné Maxim Afinogenov 60 0 1 4
2 Tyler Arnason Ryan Malone Jordan Eberle 40 0 1 4
PowerPlay Defense
Defense Defense Time % Phy DF OF
1 Chris Phillips Ryan Whitney 60 0 2 3
2 Lubomir Visnovsky Bryan McCabe 40 0 2 3
Penalty Kill 4 Players Forward
Center Wing Time % Phy DF OF
1 Vincent Lecavalier Maxim Afinogenov 60 1 4 0
2 Éric Belanger Simon Gagné 40 1 4 0
Penalty Kill 4 Players Defense
Defense Defense Time % Phy DF OF
1 Jordan Leopold Ryan Whitney 60 1 4 0
2 Chris Phillips Lubomir Visnovsky 40 1 4 0
Penalty Kill - 3 Players Forward
Forward Time % Phy DF OF
1 Vincent Lecavalier 60 1 4 0
2 Maxim Afinogenov 40 1 4 0
Penalty Kill - 3 Players Defense
Defense Defense Time % Phy DF OF
1 Jordan Leopold Ryan Whitney 60 1 4 0
2 Lubomir Visnovsky Chris Phillips 40 1 4 0
4 vs 4 Forward
Center Wing Time % Phy DF OF
1 Vincent Lecavalier Simon Gagné 60 0 2 3
2 Tyler Arnason Maxim Afinogenov 40 0 2 3
4 vs 4 Defense
Defense Defense Time % Phy DF OF
1 Chris Phillips Ryan Whitney 60 1 2 2
2 Jordan Leopold Bryan McCabe 40 1 2 2
Last Minutes Offensive
Center Left Wing Right Wing Defense Defense
Vincent Lecavalier Simon Gagné Maxim Afinogenov Chris Phillips Ryan Whitney
Last Minutes Defensive
Center Left Wing Right Wing Defense Defense
Vincent Lecavalier Ryan Malone Maxim Afinogenov Jordan Leopold Ryan Whitney
Goaltenders
Starting : Mike Smith
Backup : Jean-Sébastien Giguère
Extra Forwards
Normal : Jordan Eberle, Vincent Lecavalier, Maxim Afinogenov - PP : Jordan Eberle, Simon Gagné - PK : Jordan Eberle
Extra Defensemen
Normal : Lubomir Visnovsky, Jordan Leopold, Ryan Whitney - PP : Lubomir Visnovsky - PK : Jordan Leopold, Ryan Whitney
Penalty Shots
Vincent Lecavalier, Maxim Afinogenov, Simon Gagné, Ryan Malone, Tyler Arnason
% Time on Ice - Canucks
Lines # - Real PCT - Wanted PCT - Time Play
Normal Forward
1 - 31% - 40% - 13:03
2 - 27% - 30% - 11:40
3 - 26% - 20% - 10:59
4 - 16% - 10% - 7:01
Normal Defense
1 - 40% - 40% - 17:04
2 - 33% - 30% - 14:05
3 - 24% - 20% - 10:18
4 - 3% - 10% - 1:16
PP Forward
1 - 67% - 60% - 2:39
2 - 33% - 40% - 1:20
PP Defense
1 - 67% - 60% - 2:39
2 - 33% - 40% - 1:20
PK Forward
1 - 78% - 60% - 7:56
2 - 22% - 40% - 2:17
PK Defense
1 - 52% - 60% - 5:19
2 - 48% - 40% - 4:54
PK3 Forward
1 - 100% - 60% - 0:19
2 - 0% - 40% - 0:00
PK3 Defense
1 - 100% - 60% - 0:19
2 - 0% - 40% - 0:00
44 Forward
1 - 81% - 60% - 1:21
2 - 19% - 40% - 0:19
44 Defense
1 - 46% - 60% - 0:46
2 - 54% - 40% - 0:54
Last Minute Offensive - 1:06
Last Minute Defensive - 0:00
Total
Forward - 60:00
Defense - 60:00
|
% Time on Ice - Nordiques
Lines # - Real PCT - Wanted PCT - Time Play
Normal Forward
1 - 37% - 40% - 15:51
2 - 25% - 30% - 10:49
3 - 16% - 20% - 7:01
4 - 21% - 10% - 8:59
Normal Defense
1 - 42% - 40% - 17:56
2 - 31% - 30% - 13:06
3 - 24% - 20% - 10:17
4 - 3% - 10% - 1:21
PP Forward
1 - 47% - 60% - 4:46
2 - 53% - 40% - 5:27
PP Defense
1 - 54% - 60% - 5:30
2 - 46% - 40% - 4:43
PK Forward
1 - 76% - 60% - 3:01
2 - 24% - 40% - 0:58
PK Defense
1 - 55% - 60% - 2:11
2 - 45% - 40% - 1:48
PK3 Forward
1 - 0% - 60%
2 - 0% - 40%
PK3 Defense
1 - 0% - 60%
2 - 0% - 40%
44 Forward
1 - 78% - 60% - 1:33
2 - 22% - 40% - 0:26
44 Defense
1 - 66% - 60% - 1:18
2 - 34% - 40% - 0:41
Last Minute Offensive - 0:00
Last Minute Defensive - 1:09
Total
Forward - 60:00
Defense - 60:00
|
Play by Play
1st period
0:01 of 1st period - Matt Stajan wins face-off versus Vincent Lecavalier in neutral zone.
0:04 of 1st period - Vincent Lecavalier is hit by Scott Niedermayer and loses puck.
0:25 of 1st period - Tyler Arnason is hit by Zigmund Palffy and loses puck.
0:48 of 1st period - Brent Sopel is hit by Éric Belanger and loses puck.
1:55 of 1st period - Taylor Chorney is hit by Ryan Malone and loses puck.
2:47 of 1st period - Joe Callahan is hit by Matt Smaby and loses puck.
3:21 of 1st period - Snap shot by Jiri Hudler.
3:21 of 1st period - Shot Misses the Net.
3:23 of 1st period - Slapshot by Derian Hatcher.
3:23 of 1st period - Shot Blocked by Lubomir Visnovsky.
3:25 of 1st period - Snap shot by Scott Niedermayer.
3:25 of 1st period - Shot Blocked by Lubomir Visnovsky.
3:27 of 1st period - Slapshot by David Jones.
3:27 of 1st period - Shot Misses the Net.
3:29 of 1st period - Snap shot by Scott Niedermayer.
3:29 of 1st period - Shot Misses the Net.
3:31 of 1st period - Wrist shot by Fabian Brunnstrom.
3:31 of 1st period - Shot Misses the Net.
3:33 of 1st period - Wrist shot by David Jones.
3:33 of 1st period - Stopped by Mike Smith without a rebound.
3:34 of 1st period - Matt Stajan wins face-off versus Éric Belanger in Nordiques zone.
4:01 of 1st period - Wrist shot by Maxim Afinogenov.
4:01 of 1st period - Shot Misses the Net.
4:03 of 1st period - Slapshot by Bryan McCabe.
4:03 of 1st period - Shot Blocked by Mark Streit.
4:11 of 1st period - Snap shot by Vincent Lecavalier.
4:11 of 1st period - Shot Misses the Net.
4:32 of 1st period - Wrist shot by Clarke MacArthur.
4:32 of 1st period - Stopped by Mike Smith with a rebound.
4:43 of 1st period - Minor Penalty to Brent Sopel for Interference.
4:44 of 1st period - Vincent Lecavalier wins face-off versus Jaromir Jagr in Canucks zone.
6:43 of 1st period - Penalty to Brent Sopel is over, Brent Sopel is back on ice.
6:58 of 1st period - Mattias Weinhandl is hit by Fabian Brunnstrom and loses puck.
7:13 of 1st period - Wrist shot by Jeremy Williams.
7:13 of 1st period - Shot Blocked by Ryan Whitney.
8:05 of 1st period - Éric Belanger is hit by Peter Worrell and loses puck.
9:03 of 1st period - Snap shot by Ryan Bayda.
9:03 of 1st period - Deflect By Éric Belanger.
9:03 of 1st period - Goal by Éric Belanger - Canucks : 0 - Nordiques : 1.
9:04 of 1st period - Vincent Lecavalier wins face-off versus Matt Stajan in neutral zone.
9:09 of 1st period - Snap shot by Vincent Lecavalier.
9:09 of 1st period - Stopped by Carey Price without a rebound.
9:10 of 1st period - Vincent Lecavalier wins face-off versus Matt Stajan in Canucks zone.
9:11 of 1st period - Wrist shot by Maxim Afinogenov.
9:11 of 1st period - Stopped by Carey Price without a rebound.
9:12 of 1st period - Peter Worrell wins face-off versus Vincent Lecavalier in Canucks zone.
9:16 of 1st period - Icing by Mark Streit.
9:17 of 1st period - Maxim Afinogenov wins face-off versus Matt Stajan in Canucks zone.
9:40 of 1st period - Wrist shot by Matt Stajan.
9:40 of 1st period - Stopped by Mike Smith with a rebound.
9:42 of 1st period - Snap shot by Mark Streit.
9:42 of 1st period - Stopped by Mike Smith with a rebound.
9:44 of 1st period - Snap shot by Jaromir Jagr.
9:44 of 1st period - Stopped by Mike Smith without a rebound.
9:45 of 1st period - Ryan Getzlaf wins face-off versus Vincent Lecavalier in Nordiques zone.
10:10 of 1st period - Simon Gagné is hit by Brent Sopel and loses puck.
11:17 of 1st period - Ryan Whitney is hit by Jiri Hudler and loses puck.
11:33 of 1st period - Icing by Chris Phillips.
11:34 of 1st period - Clarke MacArthur wins face-off versus Tyler Arnason in Nordiques zone.
11:48 of 1st period - Snap shot by Ryan Malone.
11:48 of 1st period - Shot Misses the Net.
12:27 of 1st period - Ryan Whitney is hit by Erik Christensen and loses puck.
12:32 of 1st period - Slapshot by Erik Christensen.
12:32 of 1st period - Shot Blocked by Ryan Bayda.
12:52 of 1st period - Double Minor Penalty to Ales Kotalik for Roughing.
12:53 of 1st period - Matt Stajan wins face-off versus Vincent Lecavalier in Nordiques zone.
12:55 of 1st period - Snap shot by Peter Worrell.
12:55 of 1st period - Stopped by Mike Smith without a rebound.
12:56 of 1st period - Vincent Lecavalier wins face-off versus Matt Stajan in Nordiques zone.
15:06 of 1st period - Brent Sopel is hit by Alexei Ponikarovsky and loses puck.
16:52 of 1st period - Penalty to Ales Kotalik is over, Ales Kotalik is back on ice.
16:55 of 1st period - Rickard Wallin is hit by Jeremy Williams and loses puck.
17:21 of 1st period - Bryan McCabe is hit by Fabian Brunnstrom and loses puck.
18:45 of 1st period - Alexei Ponikarovsky is hit by Brent Sopel and loses puck.
18:56 of 1st period - Brent Sopel is hit by Simon Gagné and loses puck.
19:09 of 1st period - Wrist shot by Tyler Arnason.
19:09 of 1st period - Shot Misses the Net.
19:17 of 1st period - Backhand shot by Erik Christensen.
19:17 of 1st period - Shot Misses the Net.
19:31 of 1st period - Brent Sopel is hit by Alexei Ponikarovsky and loses puck.
Goals for this period are 0 for Canucks vs 1 for Nordiques.
Shots for this period are 6 for Canucks vs 3 for Nordiques.
2nd period
0:01 of 2nd period - Vincent Lecavalier wins face-off versus Matt Stajan in neutral zone.
0:12 of 2nd period - Wrist shot by Simon Gagné.
0:12 of 2nd period - Shot Misses the Net.
0:14 of 2nd period - Snap shot by Vincent Lecavalier.
0:14 of 2nd period - Shot Blocked by Peter Worrell.
0:16 of 2nd period - Wrist shot by Vincent Lecavalier.
0:16 of 2nd period - Stopped by Carey Price with a rebound.
0:35 of 2nd period - Snap shot by Zigmund Palffy.
0:35 of 2nd period - Stopped by Mike Smith without a rebound.
0:36 of 2nd period - Ryan Getzlaf wins face-off versus Vincent Lecavalier in Nordiques zone.
0:41 of 2nd period - Snap shot by Zigmund Palffy.
0:41 of 2nd period - Deflect By Clarke MacArthur.
0:41 of 2nd period - Shot Misses the Net.
0:41 of 2nd period - Puck is out of play.
0:42 of 2nd period - Vincent Lecavalier wins face-off versus Ryan Getzlaf in Nordiques zone.
0:42 of 2nd period - Bryan McCabe is hit by Ryan Getzlaf.
0:49 of 2nd period - Bryan McCabe is hit by Joe Callahan and loses puck.
0:58 of 2nd period - Snap shot by Simon Gagné.
0:58 of 2nd period - Stopped by Carey Price without a rebound.
0:59 of 2nd period - Matt Stajan wins face-off versus Tyler Arnason in Canucks zone.
0:59 of 2nd period - Matt Stajan is hit by Ryan Malone.
1:04 of 2nd period - Off-side.
1:05 of 2nd period - Tyler Arnason wins face-off versus Matt Stajan in neutral zone.
1:08 of 2nd period - Snap shot by Chris Phillips.
1:08 of 2nd period - Stopped by Carey Price without a rebound.
1:09 of 2nd period - Tyler Arnason wins face-off versus Matt Stajan in Canucks zone.
1:18 of 2nd period - Snap shot by Matt Stajan.
1:18 of 2nd period - Shot Blocked by Chris Phillips.
1:20 of 2nd period - Wrist shot by Peter Worrell.
1:20 of 2nd period - Goal by Peter Worrell - Canucks : 1 - Nordiques : 1.
1:21 of 2nd period - Matt Stajan wins face-off versus Vincent Lecavalier in neutral zone.
1:26 of 2nd period - Slapshot by Jaromir Jagr.
1:26 of 2nd period - Stopped by Mike Smith with a rebound.
1:43 of 2nd period - Icing by Ryan Whitney.
1:44 of 2nd period - Vincent Lecavalier wins face-off versus Ryan Getzlaf in Nordiques zone.
1:49 of 2nd period - Slapshot by Ryan Whitney.
1:49 of 2nd period - Stopped by Carey Price with a rebound.
2:17 of 2nd period - Snap shot by Zigmund Palffy.
2:17 of 2nd period - Shot Blocked by Maxim Afinogenov.
2:23 of 2nd period - Snap shot by Ryan Getzlaf.
2:23 of 2nd period - Stopped by Mike Smith without a rebound.
2:24 of 2nd period - Tyler Arnason wins face-off versus Matt Stajan in Nordiques zone.
3:41 of 2nd period - Snap shot by Mattias Weinhandl.
3:41 of 2nd period - Goal by Mattias Weinhandl - Canucks : 1 - Nordiques : 2.
3:42 of 2nd period - Vincent Lecavalier wins face-off versus Matt Stajan in neutral zone.
4:14 of 2nd period - Slapshot by Ryan Malone.
4:14 of 2nd period - Shot Hit the Post.
4:16 of 2nd period - Backhand shot by Jordan Eberle.
4:16 of 2nd period - Stopped by Carey Price with a rebound.
4:18 of 2nd period - Snap shot by Tyler Arnason.
4:18 of 2nd period - Shot Blocked by Ryan Getzlaf.
4:34 of 2nd period - Snap shot by Jordan Leopold.
4:34 of 2nd period - Stopped by Carey Price without a rebound.
4:35 of 2nd period - Jiri Hudler wins face-off versus Vincent Lecavalier in Canucks zone.
4:42 of 2nd period - Wrist shot by Jiri Hudler.
4:42 of 2nd period - Shot Misses the Net.
4:44 of 2nd period - Wrist shot by Jiri Hudler.
4:44 of 2nd period - Stopped by Mike Smith without a rebound.
4:45 of 2nd period - Vincent Lecavalier wins face-off versus Matt Stajan in Nordiques zone.
4:45 of 2nd period - Vincent Lecavalier is hit by Peter Worrell.
6:00 of 2nd period - Slapshot by Peter Worrell.
6:00 of 2nd period - Stopped by Mike Smith without a rebound.
6:01 of 2nd period - Ryan Getzlaf wins face-off versus Vincent Lecavalier in Nordiques zone.
6:16 of 2nd period - Slapshot by Vincent Lecavalier.
6:16 of 2nd period - Stopped by Carey Price with a rebound.
6:30 of 2nd period - Ryan Whitney is hit by Jaromir Jagr and loses puck.
6:52 of 2nd period - Wrist shot by David Jones.
6:52 of 2nd period - Stopped by Mike Smith with a rebound.
6:54 of 2nd period - Wrist shot by Taylor Chorney.
6:54 of 2nd period - Shot Misses the Net.
6:56 of 2nd period - Snap shot by Fabian Brunnstrom.
6:56 of 2nd period - Shot Misses the Net.
6:58 of 2nd period - Slapshot by Fabian Brunnstrom.
6:58 of 2nd period - Shot Misses the Net.
7:00 of 2nd period - Slapshot by Taylor Chorney.
7:00 of 2nd period - Stopped by Mike Smith without a rebound.
7:01 of 2nd period - Zigmund Palffy wins face-off versus Vincent Lecavalier in Nordiques zone.
7:02 of 2nd period - Wrist shot by Clarke MacArthur.
7:02 of 2nd period - Shot Misses the Net.
7:04 of 2nd period - Wrist shot by Ryan Getzlaf.
7:04 of 2nd period - Stopped by Mike Smith with a rebound.
7:06 of 2nd period - Slapshot by Ryan Getzlaf.
7:06 of 2nd period - Shot Misses the Net.
7:08 of 2nd period - Wrist shot by Ryan Getzlaf.
7:08 of 2nd period - Stopped by Mike Smith without a rebound.
7:09 of 2nd period - Zigmund Palffy wins face-off versus Vincent Lecavalier in Nordiques zone.
7:18 of 2nd period - Clarke MacArthur is hit by Matt Smaby and loses puck.
8:10 of 2nd period - Slapshot by Scott Niedermayer.
8:10 of 2nd period - Shot Blocked by Maxim Afinogenov.
8:12 of 2nd period - Snap shot by Ryan Getzlaf.
8:12 of 2nd period - Stopped by Mike Smith without a rebound.
8:13 of 2nd period - Tyler Arnason wins face-off versus Matt Stajan in Nordiques zone.
9:13 of 2nd period - Chris Phillips is hit by Matt Stajan and loses puck.
9:42 of 2nd period - Snap shot by Mattias Weinhandl.
9:42 of 2nd period - Stopped by Carey Price with a rebound.
9:52 of 2nd period - Alexei Ponikarovsky is hit by Jaromir Jagr and loses puck.
10:01 of 2nd period - Snap shot by Matt Stajan.
10:01 of 2nd period - Stopped by Mike Smith without a rebound.
10:02 of 2nd period - Ryan Getzlaf wins face-off versus Vincent Lecavalier in Nordiques zone.
10:03 of 2nd period - Snap shot by Zigmund Palffy.
10:03 of 2nd period - Shot Blocked by Bryan McCabe.
10:35 of 2nd period - Slapshot by Jordan Leopold.
10:35 of 2nd period - Stopped by Carey Price without a rebound.
10:36 of 2nd period - Tyler Arnason wins face-off versus Zigmund Palffy in Canucks zone.
10:37 of 2nd period - Snap shot by Ryan Malone.
10:37 of 2nd period - Stopped by Carey Price with a rebound.
10:50 of 2nd period - Zigmund Palffy is hit by Tyler Arnason.
10:54 of 2nd period - Jordan Eberle is hit by Ryan Getzlaf and loses puck.
12:12 of 2nd period - Icing by Ales Kotalik.
12:13 of 2nd period - Éric Belanger wins face-off versus Jiri Hudler in Nordiques zone.
12:13 of 2nd period - Éric Belanger is hit by David Jones.
12:25 of 2nd period - Wrist shot by Alexei Ponikarovsky.
12:25 of 2nd period - Shot Misses the Net.
12:27 of 2nd period - Wrist shot by Mattias Weinhandl.
12:27 of 2nd period - Shot Blocked by David Jones.
12:29 of 2nd period - Wrist shot by Rickard Wallin.
12:29 of 2nd period - Stopped by Carey Price without a rebound.
12:30 of 2nd period - Matt Stajan wins face-off versus Vincent Lecavalier in Canucks zone.
12:30 of 2nd period - Matt Stajan is hit by Simon Gagné.
13:39 of 2nd period - Snap shot by Peter Worrell.
13:39 of 2nd period - Shot Blocked by Mattias Weinhandl.
13:58 of 2nd period - Off-side.
13:59 of 2nd period - Erik Christensen wins face-off versus Simon Gagné in neutral zone.
14:06 of 2nd period - Daniel Paille is hit by Vincent Lecavalier and loses puck.
14:23 of 2nd period - Wrist shot by Maxim Afinogenov.
14:23 of 2nd period - Stopped by Carey Price with a rebound.
14:33 of 2nd period - Snap shot by Erik Christensen.
14:33 of 2nd period - Shot Blocked by Simon Gagné.
14:35 of 2nd period - Slapshot by Mark Streit.
14:35 of 2nd period - Shot Misses the Net.
14:37 of 2nd period - Slapshot by Mark Streit.
14:37 of 2nd period - Shot Misses the Net.
14:53 of 2nd period - Slapshot by Erik Christensen.
14:53 of 2nd period - Stopped by Mike Smith with a rebound.
14:55 of 2nd period - Slapshot by Scott Niedermayer.
14:55 of 2nd period - Shot Blocked by Simon Gagné.
14:57 of 2nd period - Slapshot by Mark Streit.
14:57 of 2nd period - Stopped by Mike Smith with a rebound.
14:59 of 2nd period - Snap shot by Daniel Paille.
14:59 of 2nd period - Shot Misses the Net.
15:01 of 2nd period - Slapshot by Mark Streit.
15:01 of 2nd period - Shot Misses the Net.
15:03 of 2nd period - Slapshot by Mark Streit.
15:03 of 2nd period - Shot Blocked by Maxim Afinogenov.
15:05 of 2nd period - Slapshot by Scott Niedermayer.
15:05 of 2nd period - Stopped by Mike Smith with a rebound.
15:39 of 2nd period - Snap shot by Erik Christensen.
15:39 of 2nd period - Stopped by Mike Smith without a rebound.
15:40 of 2nd period - Matt Stajan wins face-off versus Tyler Arnason in Nordiques zone.
15:47 of 2nd period - Slapshot by Peter Worrell.
15:47 of 2nd period - Deflect By Jaromir Jagr.
15:47 of 2nd period - Stopped by Mike Smith without a rebound.
15:48 of 2nd period - Tyler Arnason wins face-off versus Jaromir Jagr in Nordiques zone.
16:06 of 2nd period - Minor Penalty to Jaromir Jagr for Interference.
16:07 of 2nd period - David Jones wins face-off versus Tyler Arnason in Canucks zone.
16:44 of 2nd period - Peter Worrell is hit by Tyler Arnason and loses puck.
18:06 of 2nd period - Penalty to Jaromir Jagr is over, Jaromir Jagr is back on ice.
18:20 of 2nd period - Ryan Getzlaf is hit by Alexei Ponikarovsky.
18:42 of 2nd period - Ryan Bayda is hit by Scott Niedermayer.
18:43 of 2nd period - Icing by Ryan Bayda.
18:44 of 2nd period - Éric Belanger wins face-off versus Daniel Paille in Nordiques zone.
18:44 of 2nd period - Éric Belanger is hit by Mark Streit.
19:11 of 2nd period - Wrist shot by Ryan Malone.
19:11 of 2nd period - Deflect By Jordan Eberle.
19:11 of 2nd period - Shot Misses the Net.
19:11 of 2nd period - Puck is out of play.
19:12 of 2nd period - Tyler Arnason wins face-off versus Peter Worrell in Canucks zone.
19:21 of 2nd period - Snap shot by Jaromir Jagr.
19:21 of 2nd period - Shot Misses the Net.
19:23 of 2nd period - Slapshot by Derian Hatcher.
19:23 of 2nd period - Goal by Derian Hatcher - Canucks : 2 - Nordiques : 2.
19:24 of 2nd period - Tyler Arnason wins face-off versus Matt Stajan in neutral zone.
19:29 of 2nd period - Jaromir Jagr is hit by Ryan Malone and loses puck.
Goals for this period are 2 for Canucks vs 1 for Nordiques.
Shots for this period are 18 for Canucks vs 13 for Nordiques.
3rd period
0:01 of 3rd period - Vincent Lecavalier wins face-off versus Matt Stajan in neutral zone.
0:15 of 3rd period - Snap shot by Jaromir Jagr.
0:15 of 3rd period - Stopped by Mike Smith with a rebound.
0:22 of 3rd period - Icing by Maxim Afinogenov.
0:23 of 3rd period - Zigmund Palffy wins face-off versus Maxim Afinogenov in Nordiques zone.
0:32 of 3rd period - Slapshot by Ryan Getzlaf.
0:32 of 3rd period - Deflect By Simon Gagné.
0:32 of 3rd period - Shot Misses the Net.
0:32 of 3rd period - Puck is out of play.
0:33 of 3rd period - Ryan Getzlaf wins face-off versus Tyler Arnason in Nordiques zone.
0:48 of 3rd period - Slapshot by Ryan Getzlaf.
0:48 of 3rd period - Stopped by Mike Smith with a rebound.
0:50 of 3rd period - Snap shot by Brent Sopel.
0:50 of 3rd period - Deflect By Clarke MacArthur.
0:50 of 3rd period - Stopped by Mike Smith with a rebound.
0:52 of 3rd period - Snap shot by Zigmund Palffy.
0:52 of 3rd period - Shot Misses the Net.
0:54 of 3rd period - Snap shot by Zigmund Palffy.
0:54 of 3rd period - Shot Blocked by Chris Phillips.
0:56 of 3rd period - Slapshot by Derian Hatcher.
0:56 of 3rd period - Deflect By Ryan Malone.
0:56 of 3rd period - Stopped by Mike Smith without a rebound.
0:57 of 3rd period - Vincent Lecavalier wins face-off versus Matt Stajan in Nordiques zone.
0:57 of 3rd period - Bryan McCabe is hit by Matt Stajan.
0:58 of 3rd period - Icing by Bryan McCabe.
0:59 of 3rd period - Maxim Afinogenov wins face-off versus Matt Stajan in Nordiques zone.
1:04 of 3rd period - Snap shot by Vincent Lecavalier.
1:04 of 3rd period - Deflect By Maxim Afinogenov.
1:04 of 3rd period - Shot Misses the Net.
1:04 of 3rd period - Puck is out of play.
1:05 of 3rd period - Matt Stajan wins face-off versus Vincent Lecavalier in Canucks zone.
1:05 of 3rd period - Matt Stajan is hit by Simon Gagné.
1:08 of 3rd period - Minor Penalty to Peter Worrell for Holding.
1:09 of 3rd period - Jaromir Jagr wins face-off versus Vincent Lecavalier in Canucks zone.
1:41 of 3rd period - Snap shot by Tyler Arnason.
1:41 of 3rd period - Stopped by Carey Price without a rebound.
1:42 of 3rd period - Tyler Arnason wins face-off versus Jaromir Jagr in Canucks zone.
2:50 of 3rd period - Off-side.
2:51 of 3rd period - Vincent Lecavalier wins face-off versus Jaromir Jagr in neutral zone.
3:08 of 3rd period - Penalty to Peter Worrell is over, Peter Worrell is back on ice.
3:22 of 3rd period - Backhand shot by Mark Streit.
3:22 of 3rd period - Stopped by Mike Smith with a rebound.
4:12 of 3rd period - Brent Sopel is hit by Rickard Wallin and loses puck.
4:19 of 3rd period - Slapshot by Mattias Weinhandl.
4:19 of 3rd period - Shot Misses the Net.
4:33 of 3rd period - Slapshot by Bryan McCabe.
4:33 of 3rd period - Shot Misses the Net.
4:49 of 3rd period - Snap shot by Alexei Ponikarovsky.
4:49 of 3rd period - Shot Misses the Net.
5:30 of 3rd period - Wrist shot by Mattias Weinhandl.
5:30 of 3rd period - Shot Misses the Net.
5:32 of 3rd period - Snap shot by Alexei Ponikarovsky.
5:32 of 3rd period - Shot Misses the Net.
5:34 of 3rd period - Snap shot by Mattias Weinhandl.
5:34 of 3rd period - Deflect By Alexei Ponikarovsky.
5:34 of 3rd period - Stopped by Carey Price with a rebound.
5:44 of 3rd period - Snap shot by David Jones.
5:44 of 3rd period - Stopped by Mike Smith with a rebound.
6:21 of 3rd period - Snap shot by Alexei Ponikarovsky.
6:21 of 3rd period - Shot Misses the Net.
6:41 of 3rd period - Wrist shot by Jiri Hudler.
6:41 of 3rd period - Stopped by Mike Smith without a rebound.
6:42 of 3rd period - Matt Stajan wins face-off versus Vincent Lecavalier in Nordiques zone.
6:54 of 3rd period - Off-side.
6:55 of 3rd period - Matt Stajan wins face-off versus Vincent Lecavalier in neutral zone.
6:58 of 3rd period - Wrist shot by Peter Worrell.
6:58 of 3rd period - Shot Blocked by Vincent Lecavalier.
7:00 of 3rd period - Snap shot by Matt Stajan.
7:00 of 3rd period - Stopped by Mike Smith without a rebound.
7:01 of 3rd period - Matt Stajan wins face-off versus Vincent Lecavalier in Nordiques zone.
7:12 of 3rd period - Snap shot by Matt Stajan.
7:12 of 3rd period - Shot Blocked by Chris Phillips.
7:14 of 3rd period - Snap shot by Matt Stajan.
7:14 of 3rd period - Shot Misses the Net.
7:16 of 3rd period - Slapshot by Taylor Chorney.
7:16 of 3rd period - Stopped by Mike Smith with a rebound.
7:44 of 3rd period - Minor Penalty to Erik Christensen for Tripping.
7:45 of 3rd period - Jaromir Jagr wins face-off versus Tyler Arnason in Canucks zone.
7:45 of 3rd period - Jaromir Jagr is hit by Bryan McCabe.
7:49 of 3rd period - Minor Penalty to Ryan Malone for Roughing.
7:50 of 3rd period - Vincent Lecavalier wins face-off versus Jaromir Jagr in Nordiques zone.
8:26 of 3rd period - Icing by Simon Gagné.
8:27 of 3rd period - Jaromir Jagr wins face-off versus Vincent Lecavalier in Nordiques zone.
9:22 of 3rd period - Wrist shot by Jordan Leopold.
9:22 of 3rd period - Stopped by Carey Price with a rebound.
9:24 of 3rd period - Minor Penalty to Scott Niedermayer for Tripping.
9:25 of 3rd period - Vincent Lecavalier wins face-off versus Jaromir Jagr in Canucks zone.
9:44 of 3rd period - Penalty to Erik Christensen is over, Erik Christensen is back on ice.
9:49 of 3rd period - Penalty to Ryan Malone is over, Ryan Malone is back on ice.
10:01 of 3rd period - Snap shot by Maxim Afinogenov.
10:01 of 3rd period - Goal by Maxim Afinogenov - Canucks : 2 - Nordiques : 3.
10:02 of 3rd period - Ryan Getzlaf wins face-off versus Tyler Arnason in neutral zone.
10:34 of 3rd period - Peter Worrell is hit by Chris Phillips and loses puck.
10:49 of 3rd period - Wrist shot by Fabian Brunnstrom.
10:49 of 3rd period - Shot Misses the Net.
11:52 of 3rd period - Wrist shot by Alexei Ponikarovsky.
11:52 of 3rd period - Deflect By Peter Worrell.
11:52 of 3rd period - Shot Blocked by Brent Sopel.
11:52 of 3rd period - Puck is out of play.
11:53 of 3rd period - Vincent Lecavalier wins face-off versus Matt Stajan in Canucks zone.
11:56 of 3rd period - Wrist shot by Maxim Afinogenov.
11:56 of 3rd period - Stopped by Carey Price with a rebound.
11:58 of 3rd period - Snap shot by Bryan McCabe.
11:58 of 3rd period - Stopped by Carey Price with a rebound.
12:00 of 3rd period - Snap shot by Simon Gagné.
12:00 of 3rd period - Deflect By Vincent Lecavalier.
12:00 of 3rd period - Shot Misses the Net.
12:00 of 3rd period - Puck is out of play.
12:01 of 3rd period - Matt Stajan wins face-off versus Vincent Lecavalier in Canucks zone.
12:17 of 3rd period - Snap shot by Simon Gagné.
12:17 of 3rd period - Deflect By Maxim Afinogenov.
12:17 of 3rd period - Shot Blocked by Jaromir Jagr.
12:17 of 3rd period - Puck is out of play.
12:18 of 3rd period - Clarke MacArthur wins face-off versus Éric Belanger in Canucks zone.
12:54 of 3rd period - Wrist shot by Matt Stajan.
12:54 of 3rd period - Stopped by Mike Smith with a rebound.
13:24 of 3rd period - Minor Penalty to Brent Sopel for Hooking.
13:25 of 3rd period - Jaromir Jagr wins face-off versus Maxim Afinogenov in Canucks zone.
13:25 of 3rd period - Jaromir Jagr is hit by Simon Gagné.
15:24 of 3rd period - Penalty to Brent Sopel is over, Brent Sopel is back on ice.
15:33 of 3rd period - Slapshot by Ales Kotalik.
15:33 of 3rd period - Deflect By Éric Belanger.
15:33 of 3rd period - Shot Blocked by Derian Hatcher.
15:33 of 3rd period - Puck is out of play.
15:34 of 3rd period - Éric Belanger wins face-off versus Jiri Hudler in Canucks zone.
15:41 of 3rd period - Wrist shot by Ales Kotalik.
15:41 of 3rd period - Stopped by Carey Price with a rebound.
15:43 of 3rd period - Snap shot by Ryan Bayda.
15:43 of 3rd period - Shot Misses the Net.
15:45 of 3rd period - Slapshot by Lubomir Visnovsky.
15:45 of 3rd period - Stopped by Carey Price without a rebound.
15:46 of 3rd period - Ales Kotalik wins face-off versus Jiri Hudler in Canucks zone.
15:47 of 3rd period - Slapshot by Ryan Bayda.
15:47 of 3rd period - Shot Misses the Net.
15:49 of 3rd period - Wrist shot by Ryan Bayda.
15:49 of 3rd period - Stopped by Carey Price without a rebound.
15:50 of 3rd period - Jiri Hudler wins face-off versus Éric Belanger in Canucks zone.
16:17 of 3rd period - Snap shot by Vincent Lecavalier.
16:17 of 3rd period - Stopped by Carey Price with a rebound.
16:31 of 3rd period - Minor Penalty to Matt Stajan for Tripping.
16:32 of 3rd period - Vincent Lecavalier wins face-off versus Jaromir Jagr in Canucks zone.
16:41 of 3rd period - Snap shot by Maxim Afinogenov.
16:41 of 3rd period - Shot Blocked by Derian Hatcher.
18:10 of 3rd period - Chris Phillips is hit by Clarke MacArthur and loses puck.
18:31 of 3rd period - Penalty to Matt Stajan is over, Matt Stajan is back on ice.
18:37 of 3rd period - Slapshot by Brent Sopel.
18:37 of 3rd period - Stopped by Mike Smith with a rebound.
19:00 of 3rd period - Canucks, Carey Price is pulled from the net.
19:30 of 3rd period - Snap shot by Vincent Lecavalier.
19:30 of 3rd period - Shot Misses the Net.
19:42 of 3rd period - Wrist shot by Matt Stajan.
19:42 of 3rd period - Stopped by Mike Smith without a rebound.
19:43 of 3rd period - Bryan Murray call a timeout for Canucks.
19:43 of 3rd period - Vincent Lecavalier wins face-off versus Matt Stajan in Nordiques zone.
19:55 of 3rd period - Peter Worrell is hit by Vincent Lecavalier and loses puck.
Goals for this period are 0 for Canucks vs 1 for Nordiques.
Shots for this period are 12 for Canucks vs 10 for Nordiques.
Output by the SimonT Hockey Simulator (STHS) for François Prévost -- Original Page W3C XHTML 1.0 Valid